 Dungeon Crawl Stone Soup version 0.24-a0-309-g1095bcad4c (webtiles) character file.

Game seed: 15734234728707770034

98 Esekla the Magician (level 4, 0/27 HPs)
             Began as an Octopode Wizard on May 14, 2019.
             Slain by an iguana (11 damage)
             ... on level 4 of the Dungeon.
             The game lasted 00:13:57 (1897 turns).

Esekla the Magician (Octopode Wizard)               Turns: 1897, Time: 00:13:58

Health: 0/27       AC:  1    Str:  7    XL:     4   Next: 71%
Magic:  9/9        EV: 13    Int: 25    God:
Gold:   145        SH:  0    Dex: 10    Spells: 4/10 levels left

rFire    . . .     SeeInvis .   e - +0 dagger
rCold    . . .     Gourm    +   (no shield)
rNeg     . . .     Faith    .   a - +0 hat
rPois    .         Spirit   .   p - amulet of the gourmand
rElec    .         Reflect  .   (no ring)
rCorr    .         Harm     .   (no ring)
MR       .....                  (no ring)
Stlth    +++.......             (no ring)
HPRegen  0.09/turn              (no ring)
MPRegen  0.11/turn              (no ring)
                                (no ring)
                                (no ring)

@: brilliant, lethally poisoned (0 -> -4)
A: almost no armour, stealthy swim, amphibious, 8 rings, constrict 8, camouflage
1, gelatinous body 1
a: no special abilities


You were on level 4 of the Dungeon.
You were not hungry.

You visited 1 branch of the dungeon, and saw 4 of its levels.

You collected 145 gold pieces.

Inventory:

Hand Weapons
 e - a +0 dagger (weapon)
 m - a cursed -1 short sword
Missiles
 q - 13 poisoned darts (quivered)
Armour
 a - a +0 hat (worn)
Jewellery
 p - an amulet of the gourmand (around mantle)
Scrolls
 d - a scroll of amnesia {unknown}
 g - 2 scrolls of fog {unknown}
 i - 3 scrolls of remove curse {unknown}
 j - 4 scrolls of identify {unknown}
 k - 2 scrolls of teleportation {unknown}
 n - a scroll of magic mapping {unknown}
 o - a scroll of fear {unknown}
Potions
 b - a potion of invisibility {unknown}
 f - 2 potions of brilliance
 h - a potion of ambrosia
 l - a potion of curing {unknown}
Comestibles
 c - 3 rations


   Skills:
 + Level 0.3 Fighting
 + Level 0.8 Short Blades
 + Level 2.4 Dodging
 - Level 2.6 Stealth
 + Level 3.9 Spellcasting
 + Level 1.7 Conjurations
   Level 1.0 Summonings
 * Level 1.6 Translocations
 * Level 0.5 Air Magic
 * Level 1.0 Poison Magic


You had 4 spell levels left.
You knew the following spells:

 Your Spells              Type           Power        Failure   Level  Hunger
a - Magic Dart            Conj           ####         1%          1    None
b - Blink                 Tloc           N/A          1%          2    #......
c - Mephitic Cloud        Conj/Pois/Air  ####....     2%          3    ##.....

Your spell library contained the following spells:

 Spells                   Type           Power        Failure   Level  Hunger
 Call Imp                 Summ           ###.....     1%          2    #......
 Slow                     Hex            ###.....     1%          2    #......
 Conjure Flame            Conj/Fire      ###.....     2%          3    ##.....


Dungeon Overview and Level Annotations

Branches:
Dungeon (4/15)
 Temple: D:4-7

Altars:

Annotations:
D:3 Sigmund


Innate Abilities, Weirdness & Mutations

You cannot wear most types of armour.
You are very stealthy in the water. (Stealth+)
You are amphibious.
You can wear up to eight rings at the same time.
You can use your tentacles to constrict eight enemies at once.
Your skin changes colour to match your surroundings (Stealth+).
Your rubbery body absorbs attacks. (AC +1, EV +1)


Message History

You feel sick. The iguana bites you!
Ouch! That really hurt!
* * * LOW HITPOINT WARNING * * *
* * * LOW HITPOINT WARNING * * *
You feel sick.
It was a potion of brilliance.
You feel clever all of a sudden. The iguana closely misses you.
It was a potion of ambrosia.
You are confused.
You feel invigorated. The iguana barely misses you.
You bump into the rock wall.
You feel sick. The iguana barely misses you.
You bump into the rock wall.
You feel less invigorated.
You feel less confused. The iguana bites you.
You hit the iguana but do no damage. You grab the iguana.
You squeeze the iguana, but do no damage.
You constrict the iguana, but do no damage.
The iguana bites you!
You die...

#.................######
#.........##...##......
#.........####.###..##
########### #.......####
#####.....[# ########
#.#...... #......# ##.#
#.... #...(..#####..#
##. #......l@..#.###
#......###.....#
#....†.# ###.#.[...
#..?.... #.##.....
......##.. ... .###.
...... ..# ..## . ......
... ... # ..... #....##
..... ..##


You could see an iguana.

Vanquished Creatures
  A worker ant (D:4)
  2 adders (D:2)
  A worm (D:2)
  3 dart slugs
  A leopard gecko (D:1)
  2 orcs (D:3)
  2 ball pythons (D:2)
  6 bats
  3 giant cockroaches
  4 goblins
  5 hobgoblins
  3 jackals (D:2)
  4 kobolds
  2 quokkas
  2 frilled lizards (D:2)
  3 rats (D:2)
44 creatures vanquished.

Notes
Turn   | Place    | Note
-------+----------+-------------------------------------------
     0 | D:1      | Esekla the Octopode Wizard began the quest for the Orb.
     0 | D:1      | Reached XP level 1. HP: 11/11 MP: 4/4
   247 | D:1      | Reached XP level 2. HP: 16/17 MP: 6/6
   491 | D:1      | Learned a level 2 spell: Blink
   969 | D:2      | Reached XP level 3. HP: 19/21 MP: 2/8
   974 | D:2      | Learned a level 3 spell: Mephitic Cloud
  1376 | D:2      | Reached XP level 4. HP: 19/27 MP: 3/9
  1608 | D:3      | Noticed Sigmund
  1856 | D:3      | You fall through a shaft!
  1890 | D:4      | Reached skill level 1 in Poison Magic
  1897 | D:4      | Slain by an iguana

Levels and vault maps discovered:
D:1:      scummos_arrival_star, layout_basic, serial_glass, glass_columns_b,
          glass_columns_a, minmay_tetromino_l4
D:2:      layout_rooms
D:3:      layout_basic, kennysheep_slug_shrine, uniq_sigmund,
          uniq_crazy_yiuf_cottage
D:4:      layout_rooms, uniq_robin

Skill      XL: |  1  2  3  4 |
---------------+-------------+-----
Poison Magic   | 1 |  1.0
Fighting       | |  0.3
Short Blades   | |  0.8
Dodging        | |  2.4
Stealth        | |  2.6
Spellcasting   | |  3.9
Conjurations   | |  1.7
Summonings     | |  1.0
Translocations | |  1.6
Air Magic      | |  0.5

Action                   |  1- 3 |  4- 6 || total
-------------------------+-------+-------++-------
Melee: Dagger            |    48 |    32 ||    80
       Constrict         |     9 |    10 ||    19
       Tentacles         |     5 |     7 ||    12
       Unarmed           |     1 |       ||     1
 Cast: Magic Dart        |    41 |    11 ||    52
       Mephitic Cloud    |       |     1 ||     1
  Use: Potion            |       |     2 ||     2
 Stab: Sleeping          |     6 |     2 ||     8
  Eat: Ration            |     1 |       ||     1
Armor: Skin              |     4 |     7 ||    11
Dodge: Dodged            |    38 |    39 ||    77

Table legend:
 A = Non-vault XP
 B = Vault XP
 C = Vault XP percentage of total XP
 D = Non-vault monster count
 E = Vault monster count
 F = Vault count percentage of total count
                 A         B        C        D         E       F
            +---------+---------+-------+---------+---------+-------
      Total |     138 |       3 |   2.1 |      42 |       2 |   4.5
            +---------+---------+-------+---------+---------+-------
        D:1 |      24 |       3 |  11.1 |      11 |       2 |  15.4
        D:2 |      66 |       0 |   0.0 |      25 |       0 |   0.0
        D:3 |      16 |       0 |   0.0 |       5 |       0 |   0.0
        D:4 |      32 |       0 |   0.0 |       1 |       0 |   0.0
            +---------+---------+-------+---------+---------+-------
